SL
PHOENIX HOTSPUR @ D.C. DIVIDED
09/25/2037
 
TOP OF THE 1ST
Phoenix Hotspur batting - Pitching for D.C. Divided : RHP Octavius Pringle
Pitching: RHP Octavius Pringle
Batting: RHB Alberto Ramírez 0-0: Ball
1-0: Ball
2-0: SOLO HOME RUN (Flyball, 9D, EV 94.4 MPH), Distance : 382 ft
Batting: RHB Martín Talia 0-0: Ball
1-0: Fly out, F9 (Flyball, 9D, EV 91.2 MPH)
Batting: RHB Jonas van Claveren 0-0: Called Strike
0-1: Foul Ball, location: 2F
0-2: Ball
1-2: Ball
2-2: Strikes out swinging
Batting: RHB Tae-cho Han 0-0: Foul Ball, location: 2F
0-1: DOUBLE (Line Drive, 78XD, EV 103.8 MPH)
Batting: LHB Tadayoshi Watanabe 0-0: Foul Ball, location: 2F
0-1: Swinging Strike
0-2: Strikes out looking
Top of the 1st over - 1 run, 2 hits, 0 errors, 1 left on base; Phoenix 1 - D.C. 0
BOTTOM OF THE 1ST
D.C. Divided batting - Pitching for Phoenix Hotspur : RHP Leon von Stroheim
Pitching: RHP Leon von Stroheim
Batting: RHB Kimi Okubo 0-0: Called Strike
0-1: Ball
1-1: Ball
2-1: Swinging Strike
2-2: Foul Ball, location: 2F
2-2: Ball
3-2: Fly out, F9 (Flyball, 9, EV 74.4 MPH)
Batting: LHB Yao-pang Chiang 0-0: Ball
1-0: Ball
2-0: Called Strike
2-1: Foul Ball, location: 2F
2-2: Fly out, F7 (Flyball, 7LMF, EV 93.1 MPH)
Batting: RHB Dan Vanblarcom 0-0: Ball
1-0: Called Strike
1-1: Ball
2-1: Ground out 5-3 (Groundball, 5, EV 81.2 MPH)
Bottom of the 1st over - 0 runs, 0 hits, 0 errors, 0 left on base; Phoenix 1 - D.C. 0
TOP OF THE 2ND
Phoenix Hotspur batting - Pitching for D.C. Divided : RHP Octavius Pringle
Batting: RHB Brit Davis 0-0: Called Strike
0-1: Ball
1-1: Ball
2-1: Fly out, F9 (Flyball, 89D, EV 90.0 MPH)
Batting: RHB Lopahin Davletyarov 0-0: SINGLE (Groundball, 56D, EV 102.5 MPH)
Batting: LHB Corey Ferguson 0-0: Ball
Lopahin Davletyarov steals 2nd base
1-0: Foul Ball, location: 2F
1-1: SINGLE (Line Drive, 34, EV 98.1 MPH)
Lopahin Davletyarov to third
Batting: RHB Quan Easterling 0-0: Foul Ball, location: 2F
0-1: Swinging Strike
0-2: Foul Ball, location: 2F
0-2: Ball
1-2: Ball
2-2: Ball
3-2: Strikes out swinging
Batting: RHB Alberto Ramírez 0-0: Ball
1-0: SINGLE (Groundball, 34D, EV 104.4 MPH)
Lopahin Davletyarov scores
Corey Ferguson to second
Runner from 2nd tries for 3rd, SAFE, no throw by RF
Batting: RHB Martín Talia 0-0: Ball
1-0: Fly out, F7 (Line Drive, 7, EV 93.8 MPH)
Top of the 2nd over - 1 run, 3 hits, 0 errors, 2 left on base; Phoenix 2 - D.C. 0
BOTTOM OF THE 2ND
D.C. Divided batting - Pitching for Phoenix Hotspur : RHP Leon von Stroheim
Batting: RHB Jay Hood 0-0: Ball
1-0: Ball
2-0: Foul Ball, location: 2F
2-1: SINGLE (Line Drive, 6MD, EV 98.1 MPH)
Batting: RHB Amon-Ra St. Brown 0-0: Swinging Strike
0-1: Fly out, F7 (Flyball, 7LSF, EV 85.0 MPH)
Batting: RHB Chip Mullaney 0-0: Called Strike
0-1: DOUBLE (Line Drive, 9LM, EV 96.9 MPH)
Jay Hood to third
Batting: LHB Stanley Belote 0-0: Foul Ball, location: 2F
0-1: Fly out, F7 (Flyball, 78S, EV 88.8 MPH)
Batting: RHB Chris Hall 0-0: Foul Ball, location: 2F
0-1: Ball
1-1: Foul Ball, location: 2F
1-2: Ball
2-2: Ball
3-2: Base on Balls
Batting: RHB Alejandro Carrillo 0-0: Foul Ball, location: 2F
0-1: Fly out, F9 (Flyball, 9, EV 77.5 MPH)
Bottom of the 2nd over - 0 runs, 2 hits, 0 errors, 3 left on base; Phoenix 2 - D.C. 0
TOP OF THE 3RD
Phoenix Hotspur batting - Pitching for D.C. Divided : RHP Octavius Pringle
Batting: RHB Jonas van Claveren 0-0: Called Strike
0-1: Ball
1-1: Ball
2-1: Ball
3-1: Foul Ball, location: 2F
3-2: Ground out 6-3 (Groundball, 6, EV 108.1 MPH)
Batting: RHB Tae-cho Han 0-0: Ball
1-0: Ball
2-0: Ball
3-0: Called Strike
3-1: Foul Ball, location: 2F
3-2: Base on Balls
Batting: LHB Tadayoshi Watanabe 0-0: Ball
1-0: SINGLE (Groundball, 4MD, EV 97.5 MPH)
Tae-cho Han to second
Runner from 2nd tries for 3rd, SAFE, throw by CF made to third
Batting: RHB Brit Davis 0-0: DOUBLE (Line Drive, 7LM, EV 112.5 MPH)
Tae-cho Han scores
Tadayoshi Watanabe to third
Runner from 3rd tries for Home, SAFE, no throw by LF
Batting: RHB Lopahin Davletyarov 0-0: Ground out 4-3 (Groundball, 4, EV 101.9 MPH)
Brit Davis to third
Batting: LHB Corey Ferguson 0-0: Foul Ball, location: 2F
0-1: Ball
1-1: Swinging Strike
1-2: Foul Ball, location: 2F
1-2: Strikes out looking
Top of the 3rd over - 2 runs, 2 hits, 0 errors, 1 left on base; Phoenix 4 - D.C. 0
BOTTOM OF THE 3RD
D.C. Divided batting - Pitching for Phoenix Hotspur : RHP Leon von Stroheim
Batting: RHB Kimi Okubo 0-0: Ball
1-0: Fly out, F3 (Flyball, 3D, EV 73.8 MPH)
Batting: LHB Yao-pang Chiang 0-0: Called Strike
0-1: Swinging Strike
0-2: Ground out 1-3 (Groundball, 34S, EV 86.9 MPH)
Batting: RHB Dan Vanblarcom 0-0: Called Strike
0-1: Ball
1-1: Fly out, F8 (Flyball, 89M, EV 85.0 MPH)
Bottom of the 3rd over - 0 runs, 0 hits, 0 errors, 0 left on base; Phoenix 4 - D.C. 0
TOP OF THE 4TH
Phoenix Hotspur batting - Pitching for D.C. Divided : RHP Octavius Pringle
Batting: RHB Quan Easterling 0-0: Swinging Strike
0-1: Ball
1-1: Swinging Strike
1-2: Ball
2-2: Strikes out swinging
Batting: RHB Alberto Ramírez 0-0: Called Strike
0-1: Foul Ball, location: 2F
0-2: Strikes out swinging
Batting: RHB Martín Talia 0-0: Foul Ball, location: 2F
0-1: Ground out 5-3 (Groundball, 5L, EV 79.4 MPH)
Top of the 4th over - 0 runs, 0 hits, 0 errors, 0 left on base; Phoenix 4 - D.C. 0
BOTTOM OF THE 4TH
D.C. Divided batting - Pitching for Phoenix Hotspur : RHP Leon von Stroheim
Batting: RHB Jay Hood 0-0: Ground out 5-3 (Groundball, 5, EV 77.5 MPH)
Batting: RHB Amon-Ra St. Brown 0-0: Ball
1-0: DOUBLE (Line Drive, 89XD, EV 101.9 MPH)
Pinch Runner at 2nd Martín Chávez:
Batting: RHB Chip Mullaney 0-0: Called Strike
0-1: Fly out, F5 (Popup, 5SF, EV 81.2 MPH)
Batting: LHB Stanley Belote 0-0: Ball
1-0: Foul Ball, location: 2F
1-1: Ball
2-1: Foul Ball, location: 2F
2-2: Foul Ball, location: 2F
2-2: Ball
3-2: Foul Ball, location: 2F
3-2: Foul Ball, location: 2F
3-2: Fly out, F8 (Flyball, 8RXD, EV 86.9 MPH)
Bottom of the 4th over - 0 runs, 1 hit, 0 errors, 1 left on base; Phoenix 4 - D.C. 0
TOP OF THE 5TH
Phoenix Hotspur batting - Pitching for D.C. Divided : RHP Octavius Pringle
Now at SS: Júlio Rodríguez
Batting: RHB Jonas van Claveren 0-0: Foul Ball, location: 2F
0-1: Ball
1-1: Foul Ball, location: 2F
1-2: Ball
2-2: Strikes out swinging
Batting: RHB Tae-cho Han 0-0: Ball
1-0: Ball
2-0: Ball
3-0: Base on Balls
Batting: LHB Tadayoshi Watanabe 0-0: Called Strike
0-1: Called Strike
0-2: Strikes out swinging
Batting: RHB Brit Davis 0-0: Fielders Choice at 2nd, 6-4 (Groundball, 6, EV 82.5 MPH)
Top of the 5th over - 0 runs, 0 hits, 0 errors, 1 left on base; Phoenix 4 - D.C. 0
BOTTOM OF THE 5TH
D.C. Divided batting - Pitching for Phoenix Hotspur : RHP Leon von Stroheim
Batting: RHB Chris Hall 0-0: Ball
1-0: Ball
2-0: Fly out, F9 (Flyball, 9LS, EV 83.1 MPH)
Batting: RHB Alejandro Carrillo 0-0: Called Strike
0-1: Ball
1-1: Foul Ball, location: 2F
1-2: Strikes out swinging
Batting: RHB Kimi Okubo 0-0: Ball
1-0: Foul Ball, location: 2F
1-1: Swinging Strike
1-2: Ball
2-2: Fly out, F6 (Popup, 6, EV 61.2 MPH)
Bottom of the 5th over - 0 runs, 0 hits, 0 errors, 0 left on base; Phoenix 4 - D.C. 0
TOP OF THE 6TH
Phoenix Hotspur batting - Pitching for D.C. Divided : RHP Octavius Pringle
Batting: RHB Lopahin Davletyarov 0-0: Swinging Strike
0-1: Swinging Strike
0-2: Ball
1-2: Foul Ball, location: 2F
1-2: Strikes out swinging
Batting: LHB Corey Ferguson 0-0: SINGLE (Groundball, 34D, EV 96.2 MPH)
Batting: RHB Quan Easterling 0-0: Ball
1-0: Ball
2-0: Ball
3-0: Foul Ball, location: 2F
3-1: Ground out 6-3 (Groundball, 6S, EV 63.1 MPH)
Corey Ferguson to second
Batting: RHB Alberto Ramírez 0-0: Foul Ball, location: 2F
0-1: Called Strike
0-2: SINGLE (Line Drive, 56D, EV 95.0 MPH)
Corey Ferguson to third
Runner from 3rd tries for Home, SAFE, no throw by LF
Pitching: LHP José Flores
Batting: RHB Martín Talia 0-0: Ball
1-0: Swinging Strike
1-1: Fly out, F5 (Popup, 56, EV 77.5 MPH)
Top of the 6th over - 1 run, 2 hits, 0 errors, 1 left on base; Phoenix 5 - D.C. 0
BOTTOM OF THE 6TH
D.C. Divided batting - Pitching for Phoenix Hotspur : RHP Leon von Stroheim
Batting: LHB Yao-pang Chiang 0-0: Ball
1-0: Ball
2-0: Called Strike
2-1: Ball
3-1: Foul Ball, location: 2F
3-2: Fly out, F8 (Flyball, 8RS, EV 95.0 MPH)
Batting: RHB Dan Vanblarcom 0-0: Called Strike
0-1: Called Strike
0-2: Foul Ball, location: 2F
0-2: Foul Ball, location: 2F
0-2: Foul Ball, location: 2F
0-2: Ball
1-2: Foul Ball, location: 2F
1-2: Ball
2-2: Ground out 4-3 (Groundball, 4, EV 80.0 MPH)
Pitching: RHP Edgardo Nava
Batting: RHB Jay Hood 0-0: Swinging Strike
0-1: Ball
1-1: Called Strike
1-2: TRIPLE (Flyball, 78XD, EV 102.5 MPH)
Hidden ball trick at third base, runner out!
Bottom of the 6th over - 0 runs, 1 hit, 0 errors, 0 left on base; Phoenix 5 - D.C. 0
TOP OF THE 7TH
Phoenix Hotspur batting - Pitching for D.C. Divided : LHP José Flores
Batting: RHB Jonas van Claveren 0-0: Ball
1-0: Ball
2-0: Ball
3-0: Base on Balls
Batting: RHB Tae-cho Han 0-0: Ball
1-0: Ball
2-0: Foul Ball, location: 2F
2-1: Ball
3-1: Foul Ball, location: 2F
3-2: SINGLE (Line Drive, 78S, EV 96.9 MPH)
Jonas van Claveren to second
Batting: LHB Tadayoshi Watanabe 0-0: Called Strike
0-1: Ball
1-1: Called Strike
1-2: Ball
2-2: DOUBLE (Line Drive, 9LS, EV 112.5 MPH)
Jonas van Claveren scores
Tae-cho Han to third
Batting: RHB Brit Davis 0-0: Called Strike
0-1: Ball
1-1: Swinging Strike
1-2: Foul Ball, location: 2F
1-2: Strikes out swinging
Batting: RHB Lopahin Davletyarov 0-0: Called Strike
0-1: Ground out U3 (Groundball, 34, EV 80.0 MPH)
Tae-cho Han scores
Tadayoshi Watanabe to third
Batting: LHB Corey Ferguson 0-0: Ball
1-0: SINGLE (Flyball, 78M, EV 85.6 MPH)
Tadayoshi Watanabe scores
Batting: RHB Quan Easterling 0-0: Called Strike
0-1: Called Strike
0-2: Strikes out looking
Top of the 7th over - 3 runs, 3 hits, 0 errors, 1 left on base; Phoenix 8 - D.C. 0
BOTTOM OF THE 7TH
D.C. Divided batting - Pitching for Phoenix Hotspur : RHP Edgardo Nava
Batting: RHB Júlio Rodríguez 0-0: Swinging Strike
0-1: Ball
1-1: SOLO HOME RUN (Line Drive, 7D, EV 98.1 MPH), Distance : 393 ft
Batting: RHB Chip Mullaney 0-0: Ball
1-0: Ball
2-0: Foul Ball, location: 2F
2-1: Foul Ball, location: 2F
2-2: Foul Ball, location: 2F
2-2: Strikes out swinging
Batting: LHB Stanley Belote 0-0: Called Strike
0-1: Swinging Strike
0-2: Ball
1-2: Foul Ball, location: 2F
1-2: Ball
2-2: Ball
3-2: Strikes out swinging
Batting: RHB Chris Hall 0-0: Foul Ball, location: 2F
0-1: Ball
1-1: Ball
2-1: Swinging Strike
2-2: Ground out 5-3 (Groundball, 56S, EV 83.8 MPH)
Bottom of the 7th over - 1 run, 1 hit, 0 errors, 0 left on base; Phoenix 8 - D.C. 1
TOP OF THE 8TH
Phoenix Hotspur batting - Pitching for D.C. Divided : LHP José Flores
Batting: RHB Alberto Ramírez 0-0: Called Strike
0-1: SINGLE (Line Drive, 9S, EV 99.4 MPH)
Pitching: RHP Justin Barber
Batting: RHB Martín Talia 0-0: Swinging Strike
0-1: SINGLE (Groundball, 6MD, EV 95.6 MPH)
Alberto Ramírez to second
Batting: RHB Jonas van Claveren 0-0: Foul Ball, location: 2F
0-1: Fly out, F7 (Line Drive, 7, EV 95.6 MPH)
Batting: RHB Tae-cho Han 0-0: Ball
1-0: Foul Ball, location: 2F
1-1: Swinging Strike
1-2: Strikes out swinging
Batting: LHB Tadayoshi Watanabe 0-0: SINGLE (Line Drive, 4MD, EV 100.6 MPH)
Alberto Ramírez to third
Martín Talia to second
Runner from 3rd tries for Home, throw by CF and OUT! 8-2
Top of the 8th over - 0 runs, 3 hits, 0 errors, 2 left on base; Phoenix 8 - D.C. 1
BOTTOM OF THE 8TH
D.C. Divided batting - Pitching for Phoenix Hotspur : RHP Edgardo Nava
Batting: RHB Alejandro Carrillo 0-0: Ball
1-0: Fly out, F8 (Line Drive, 8LD, EV 85.6 MPH)
Batting: RHB Kimi Okubo 0-0: Ball
1-0: Ball
2-0: Called Strike
2-1: Foul Ball, location: 2F
2-2: Strikes out swinging
Batting: LHB Yao-pang Chiang 0-0: Foul Ball, location: 2F
0-1: Foul Ball, location: 2F
0-2: SINGLE (Groundball, 6MD, EV 105.0 MPH)
Batting: RHB Dan Vanblarcom 0-0: Called Strike
0-1: Foul Ball, location: 2F
0-2: Strikes out looking
Bottom of the 8th over - 0 runs, 1 hit, 0 errors, 1 left on base; Phoenix 8 - D.C. 1
TOP OF THE 9TH
Phoenix Hotspur batting - Pitching for D.C. Divided : RHP Justin Barber
Batting: RHB Brit Davis 0-0: Swinging Strike
0-1: Ball
1-1: Ball
2-1: Foul Ball, location: 2F
2-2: Strikes out swinging
Pitching: LHP Juan Vargas
Batting: RHB Lopahin Davletyarov 0-0: Called Strike
0-1: Ball
1-1: Ball
2-1: Ball
3-1: Foul Ball, location: 2F
3-2: Base on Balls
Batting: LHB Corey Ferguson 0-0: Ball
1-0: SINGLE (Groundball, 15, EV 65.0 MPH) (infield hit)
Lopahin Davletyarov to second
Batting: RHB Quan Easterling 0-0: Ball
1-0: SINGLE (Line Drive, 34D, EV 99.4 MPH)
Lopahin Davletyarov to third
Corey Ferguson to second
Runner from 3rd tries for Home, SAFE, no throw by RF
Batting: RHB Alberto Ramírez 0-0: Called Strike
0-1: Ball
1-1: Ball
2-1: Ball
3-1: Base on Balls
Corey Ferguson to third
Quan Easterling to second
Batting: RHB Martín Talia 0-0: Ball
1-0: Fly out, F4 (Popup, 4, EV 64.4 MPH)
Batting: RHB Jonas van Claveren 0-0: Swinging Strike
0-1: Ball
1-1: Foul Ball, location: 2F
1-2: Fly out, F8 (Flyball, 8LS, EV 87.5 MPH)
Top of the 9th over - 1 run, 2 hits, 0 errors, 3 left on base; Phoenix 9 - D.C. 1
BOTTOM OF THE 9TH
D.C. Divided batting - Pitching for Phoenix Hotspur : RHP Edgardo Nava
Pitching: RHP Russ Horne
Batting: RHB Jay Hood 0-0: Ball
1-0: Fly out, F7 (Flyball, 7LS, EV 92.5 MPH)
Batting: RHB Júlio Rodríguez 0-0: Foul Ball, location: 2F
0-1: Ball
1-1: Swinging Strike
1-2: Ball
2-2: Ground out 4-3 (Groundball, 4MS, EV 65.6 MPH)
Batting: RHB Chip Mullaney 0-0: Ball
1-0: Ground out 2-3 (Groundball, 2R, EV 68.8 MPH)
Bottom of the 9th over - 0 runs, 0 hits, 0 errors, 0 left on base; Phoenix 9 - D.C. 1
Thursday, January 23rd, 2020 - OOTP Baseball 20.8 Build 74